 Dungeon Crawl Stone Soup version 0.22-a0-109-gbeb7240 (webtiles) character file.

4108 KristoblXynda the Infuser (level 10, -2/51 HPs)
             Began as a Spriggan Skald on Jan 26, 2018.
             Was a Priest of Nemelex Xobeh.
             Slain by a bullfrog (7 damage)
             ... on level 8 of the Dungeon.
             The game lasted 00:23:12 (9511 turns).

KristoblXynda the Infuser (Spriggan Skald)          Turns: 9511, Time: 00:23:13

Health: -2/51      AC:  0    Str: 12    XL:     10   Next: 6%
Magic:  22/22      EV: 19    Int: 18    God:    Nemelex Xobeh [***...]
Gold:   491        SH:  0    Dex: 17    Spells: 16/23 levels left

rFire    . . .     SeeInvis +   j - +2 dagger (elec)
rCold    . . .     Gourm    .   (shield restricted)
rNeg     + . .     Faith    .   b - +1 robe
rPois    .         Spirit   .   (helmet restricted)
rElec    .         Reflect  .   B - scarf {repulsion}
rCorr    .         Harm     .   (gloves unavailable)
MR       +....                  (boots unavailable)
Stlth    +++++.....             (no amulet)
HPRegen  0.17/turn              s - +4 ring of strength
MPRegen  0.18/turn              v - ring of positive energy

@: corroded, repel missiles, very quick
A: very small, unfitting armour, thin skeletal structure 1, see invisible,
herbivore, speed 3, shaggy fur 1, slow metabolism 2
a: Triple Draw, Renounce Religion


You were on level 8 of the Dungeon.
You worshipped Nemelex Xobeh.
Nemelex Xobeh was most pleased with you.
You were not hungry.

You visited 2 branches of the dungeon, and saw 9 of its levels.

You collected 491 gold pieces.

Inventory:

Hand Weapons
 j - a +2 dagger of electrocution (weapon)
Armour
 b - a +1 robe (worn)
 B - a scarf of repulsion (worn)
Magical Staves
 a - an uncursed staff of conjuration
Jewellery
 s - a +4 ring of strength (left hand)
 v - a ring of positive energy (right hand)
Wands
 m - a wand of digging (10)
Scrolls
 f - 4 scrolls of remove curse
 i - 2 scrolls of amnesia
 k - 2 scrolls of fear
 l - 3 scrolls of teleportation
 x - a scroll of random uselessness {unknown}
 A - a scroll of blinking {unknown}
Potions
 g - a potion of brilliance {unknown}
 h - 2 potions of curing
 n - 2 potions of invisibility
 o - a potion of berserk rage {unknown}
 p - a potion of flight {unknown}
 r - a potion of heal wounds
 u - a potion of resistance {unknown}
 z - a potion of mutation
Books
 c - a book of Battle

   Spells                             Type                      Level
   a - Infusion                       Charms                       1
   b - Shroud of Golubria             Charms/Translocation         2
   c - Song of Slaying                Charms                       2
   d - Spectral Weapon                Hexes/Charms                 3
   e - Regeneration                   Charms/Necromancy            3
 y - a book of Minor Magic

   Spells                             Type                      Level
   a - Magic Dart                     Conjuration                  1
   b - Blink                          Translocation                2
   c - Call Imp                       Summoning                    2
   d - Slow                           Hexes                        2
   e - Conjure Flame                  Conjuration/Fire             3
   f - Mephitic Cloud                 Conjuration/Poison/Air       3
Miscellaneous
 e - a plain deck of summoning
Comestibles
 d - 7 rations


   Skills:
 + Level 4.7 Fighting
 - Level 5.0 Short Blades
 - Level 3.5 Dodging
 + Level 10.5 Stealth
 + Level 7.3 Spellcasting
 + Level 10.7 Charms
 + Level 5.9 Invocations


You had 16 spell levels left.
You knew the following spells:

 Your Spells              Type           Power        Failure   Level  Hunger
a - Infusion              Chrm           ####         1%          1    None
b - Regeneration          Chrm/Necr      ####......   3%          3    #......
c - Spectral Weapon       Hex/Chrm       ####....     3%          3    #......


Dungeon Overview and Level Annotations

Branches:
Dungeon (8/15)             Temple (1/1) D:5
   Lair: D:8-11

Altars:
Ashenzari
Cheibriados
Dithmenos
Elyvilon
Fedhas
Gozag
Hepliaklqana
Kikubaaqudgha
Makhleb
Nemelex Xobeh
Okawaru
Qazlal
Ru
Sif Muna
Trog
Uskayaw
Vehumet
Wu Jian
Xom
Yredelemnul
Zin
The Shining One

Annotations:
D:4 Grinder
D:6 2 transporters
D:8 Erica


Innate Abilities, Weirdness & Mutations

You are very small and have problems with some larger weapons.
You are too small for most types of armour.
You have supernaturally acute eyesight. (SInv)
You are a herbivore.
You cover ground extremely quickly.
You need consume almost no food.
You have a somewhat thin skeletal structure. (Dex +2, Stealth)
You are covered in fur. (AC +1)


Message History

Aim: Erica, wielding a scimitar of flaming and wearing an embroidered robe Attack!
The bullfrog hits you!
Erica completely misses your fire vortex.
Your fire vortex barely misses Erica.
The bullfrog barely misses you. The ice beast barely misses you.
Your raiju barely misses the bullfrog.
You hit the ice beast but do no damage.
The ice beast is moderately wounded.
Your fire vortex hits Erica.
Your fire vortex burns Erica!
Your fire vortex dissipates!
The bullfrog barely misses you.
Unknown command.
You hit the ice beast.
The ice beast is heavily wounded.
The ice beast hits you.
* * * LOW HITPOINT WARNING * * *
The ice beast freezes you!
* * * LOW HITPOINT WARNING * * *
Your basilisk bites Erica.
The bullfrog hits you!
You die...
Your body glows slightly and disappears.

.......#####.####
.......##.#.#.#.## .
.#.....#.........# D#
.......##.#.#.#.## .#
.......#†........##.#
.....>.'#.#.#.#.#'.#
...([))#.....)@..##.#
[####..##.#.#l#Y## .#
## #..#......hF@# #
#@.##.#.#.#.##
...#####.#### .....
#.# .....# # #
......# .......
....o.. .......


You could see Erica, an ice beast, a bullfrog, a friendly raiju and a friendly
basilisk.

Vanquished Creatures
  Pikel (D:6)
  A hippogriff (D:7)
  A water moccasin (D:8)
  3 black bears
  An orc warrior (D:8)
  A sky beast (D:8)
  An ice beast (D:5)
  3 ogres
  The ghost of Kavrick the Skirmisher, an amateur DsFi (D:3)
  A centaur (D:6)
  2 scorpions
  A killer bee (D:7)
  3 howler monkeys
  A crimson imp (D:8)
  2 bullfrog zombies (D:5)
  2 hounds (D:6)
  A jelly (D:5)
  3 orc priests (D:8)
  2 orc wizards
  An iguana (D:4)
  Jessica (D:2)
  Natasha (twice) (D:3)
  10 worker ants
  A killer bee zombie (D:7)
  A hound skeleton (D:4)
  2 gnolls (D:4)
  2 howler monkey skeletons
  4 adders
  A shadow imp (D:5)
  An ooze (D:5)
  An adder zombie (D:7)
  2 worms
  2 dart slugs
  9 leopard geckos
  18 orcs
  A ball python (D:5)
  10 giant cockroaches
  6 goblins
  7 hobgoblins
  16 jackals
  4 quokkas
  10 bats
  10 frilled lizards
  8 kobolds
  A leopard gecko skeleton (D:6)
  A quokka zombie (D:5)
  11 rats
174 creatures vanquished.

Vanquished Creatures (collateral kills)
  2 two-headed ogres (D:8)
  Joseph (D:8)
  A steam dragon (D:6)
  Menkaure (D:7)
  A hungry ghost (D:8)
  An orc warrior (D:8)
  2 slaves (D:6)
  A sky beast (D:7)
  2 ogres
  5 killer bees (D:7)
  2 orc wizards (D:8)
  A gnoll (D:4)
  A shadow imp (D:7)
  2 leopard geckos (D:7)
  3 jackals (D:7)
26 creatures vanquished.

Vanquished Creatures (others)
  A slave (D:6)
  An orc wizard (D:6)
  A worker ant (D:6)
  A kobold (D:6)
  16 plants (D:8)
20 creatures vanquished.

Grand Total: 220 creatures vanquished

Notes
Turn   | Place    | Note
-------+----------+-------------------------------------------
     0 | D:1      | KristoblXynda the Spriggan Skald began the quest for the Orb.
     0 | D:1      | Reached XP level 1. HP: 10/10 MP: 5/5
   124 | D:1      | Reached skill level 1 in Stealth
   217 | D:1      | Reached XP level 2. HP: 4/14 MP: 3/6
  1369 | D:1      | Reached skill level 5 in Charms
  1456 | D:1      | Reached XP level 3. HP: 18/18 MP: 8/8
  1931 | D:2      | Found a sparkling altar of Nemelex Xobeh.
  1958 | D:2      | Became a worshipper of Nemelex Xobeh the Trickster
  1984 | D:2      | Noticed Jessica
  2007 | D:2      | Killed Jessica
  2061 | D:2      | Gained mutation: You have a somewhat thin skeletal structure. (Dex +2, Stealth) [potion of mutation]
  2061 | D:2      | Gained mutation: You are covered in fur. (AC +1) [potion of mutation]
  2115 | D:2      | Reached XP level 4. HP: 15/22 MP: 5/9
  2643 | D:2      | Learned a level 3 spell: Regeneration
  2647 | D:2      | Learned a level 3 spell: Spectral Weapon
  2652 | D:2      | Received a gift from Nemelex Xobeh
  3077 | D:3      | Reached * piety under Nemelex Xobeh
  3112 | D:3      | Received a gift from Nemelex Xobeh
  3118 | D:3      | Found a hide-covered altar of Uskayaw.
  3272 | D:3      | Noticed Kavrick's ghost (amateur DsFi)
  3303 | D:3      | Killed Kavrick's ghost
  3303 | D:3      | Reached XP level 5. HP: 25/25 MP: 10/10
  3341 | D:3      | Noticed Natasha
  3348 | D:3      | Killed Natasha
  3419 | D:3      | Noticed Natasha
  3423 | D:3      | Killed Natasha
  3423 | D:3      | Reached skill level 5 in Stealth
  3514 | D:4      | Reached skill level 1 in Invocations
  3514 | D:4      | Reached XP level 6. HP: 7/30 MP: 11/11
  3977 | D:4      | Received a gift from Nemelex Xobeh
  4800 | D:4      | Noticed Grinder
  5029 | D:4      | Reached XP level 7. HP: 33/33 MP: 12/12
  5038 | D:4      | Noticed a chaos spawn
  5274 | D:5      | Entered Level 5 of the Dungeon
  5286 | D:5      | Found a white marble altar of Elyvilon.
  5403 | D:5      | Reached ** piety under Nemelex Xobeh
  5472 | D:5      | Reached skill level 5 in Short Blades
  6072 | D:5      | Found a staircase to the Ecumenical Temple.
  6095 | Temple   | Entered the Ecumenical Temple
  6484 | D:6      | Reached XP level 8. HP: 39/39 MP: 15/15
  6820 | D:6      | Received a gift from Nemelex Xobeh
  6837 | D:6      | Found a transporter.
  6845 | D:6      | Noticed a kobold demonologist
  6861 | D:6      | Found a transporter.
  6882 | D:6      | Noticed Pikel
  6923 | D:6      | Killed Pikel
  6923 | D:6      | Reached skill level 5 in Spellcasting
  7328 | D:7      | Reached *** piety under Nemelex Xobeh
  7360 | D:7      | Noticed a hippogriff
  7571 | D:7      | Noticed Menkaure
  7586 | D:7      | HP: 1/40 [killer bee (8)]
  7590 | D:7      | Killed Menkaure
  7590 | D:7      | Reached XP level 9. HP: 34/44 MP: 18/18
  8368 | D:8      | Noticed Erica
  8368 | D:8      | Noticed Joseph
  8434 | D:8      | Noticed a two-headed ogre
  8461 | D:8      | Killed a two-headed ogre
  8461 | D:8      | Reached skill level 10 in Charms
  8461 | D:8      | Reached skill level 5 in Invocations
  8549 | D:8      | Killed Joseph
  8553 | D:8      | Reached skill level 10 in Stealth
  9404 | D:8      | Noticed a two-headed ogre
  9410 | D:8      | Killed a two-headed ogre
  9410 | D:8      | Reached XP level 10. HP: 49/51 MP: 20/22
  9511 | D:8      | Slain by a bullfrog

Vault maps used:
D:1:      sevenhm_arrival_forest_fort_large_2, minmay_cut_off
D:2:      nemelex_lonely_heart_becter, uniq_jessica
D:3:      eat_drink_and_be_merry_uskayaw, first_ration, uniq_natasha
D:4:      uniq_grinder
D:5:      minmay_temple_entry_enclosed_plants, elyvilon_altar_1
D:6:      gammafunk_wand_slinger, serial_park_tiny_2, uniq_pikel
D:7:      uniq_menkaure
D:8:      minmay_the_grid_plus_closed, serial_shops, shop, uniq_erica,
          uniq_joseph, uniq_grum, uniq_prince_ribbit1
Temple:   nicolae_temple_the_god_donut

Skill      XL: |  1  2  3  4  5  6  7  8  9 |
---------------+----------------------------+-----
Stealth        | 1 2 3 4 5 7 8 10 | 10.5
Charms         | 5 6 7 8 9 10 | 10.7
Short Blades   | 3 4 5 |  5.0
Invocations    | 1 2 3 4 5 |  5.9
Spellcasting   | 3 4 5 7 |  7.3
Fighting       | 2 3 4 |  4.7
Dodging        | |  3.5

Action                   |  1- 3 |  4- 6 |  7- 9 | 10-12 || total
-------------------------+-------+-------+-------+-------++-------
Melee: Short sword       |   132 |    44 |       |       ||   176
       Dagger            |       |   158 |   254 |    10 ||   422
 Cast: Infusion          |     9 |     2 |     2 |       ||    13
       Spectral Weapon   |       |       |     1 |       ||     1
Evoke: Deck              |       |     8 |    17 |     1 ||    26
  Use: Scroll            |     2 |     3 |     5 |       ||    10
       Potion            |     2 |       |     4 |     1 ||     7
 Stab: Sleeping          |     5 |    11 |    16 |       ||    32
       Distracted        |     1 |     2 |     4 |       ||     7
       Petrified         |       |       |     2 |       ||     2
  Eat: Ration            |       |     1 |     3 |       ||     4
Armor: Robe              |    19 |    16 |    16 |     2 ||    53
Dodge: Dodged            |   116 |   140 |   195 |    10 ||   461

Table legend:
 A = Spawn XP
 B = Non-spawn XP
 C = Spawn XP percentage of total XP
 D = Spawn monster count
 E = Non-spawn monster count
 F = Spawn count percentage of total count
 G = Total turns spent on level
                    A         B        C        D         E        F      G
               +---------+---------+-------+---------+---------+-------+---------
         Total |       0 |    5869 |   0.0 |       0 |     199 |   0.0 |  9511
               +---------+---------+-------+---------+---------+-------+---------
           D:1 |       0 |      46 |   0.0 |       0 |      27 |   0.0 |  1786
           D:2 |       0 |      86 |   0.0 |       0 |      24 |   0.0 |  1007
           D:3 |       0 |     230 |   0.0 |       0 |      32 |   0.0 |  1076
           D:4 |       0 |     380 |   0.0 |       0 |      17 |   0.0 |  1405
           D:5 |       0 |     416 |   0.0 |       0 |      21 |   0.0 |   925
           D:6 |       0 |    1360 |   0.0 |       0 |      25 |   0.0 |   892
           D:7 |       0 |    1030 |   0.0 |       0 |      30 |   0.0 |  1684
           D:8 |       0 |    2321 |   0.0 |       0 |      23 |   0.0 |   499
               +---------+---------+-------+---------+---------+-------+---------
